[Event "Titled Tuesday Blitz December 27 Early 2022"]
[White "Rangel, Daniel"]
[Black "Odegov, Artem"]
[WhiteFideId "2124475"]
[BlackFideId "34183644"]
[WhiteElo "2207"]
[BlackElo "2261"]
[Result "0-1"]
[Round "07"]
[TimeControl "180+2"]
[Date "2022.12.27"]
[WhiteClock "0:00:13"]
[BlackClock "0:00:20"]

1. d4 Nf6 2. c4 c5 3. d5 e5 4. Nc3 d6 5. e4 Be7 6. Nf3 O-O 7. Be2 Ne8 8. O-O g6 9. Bh6 Ng7 10. a3 f5 11. exf5 gxf5 12. b4 b6 13. bxc5 bxc5 14. Nb5 Nd7 15. Nd2 Rf6 16. Bg5 Rg6 17. Bxe7 Qxe7 18. Nc7 Rb8 19. Rb1 Nb6 20. Nb5 Ba6 21. g3 e4 22. Nb3 f4 23. Re1 Bxb5 24. cxb5 e3 25. Bd3 exf2+ 26. Kxf2 fxg3+ 27. Kg2 gxh2+ 28. Bxg6 Qg5+ 29. Kxh2 hxg6 30. Qd3 Rf8 31. Qg3 Qh5+ 32. Kg1 Nf5 33. Qh2 Nh4 34. Rf1 Qg5+ 35. Kh1 Qxd5+ 36. Kg1 Nf3+ 37. Rxf3 Rxf3 38. Qg2 Kg7 39. Na5 Qd4+ 40. Kh2 Qh4+ 41. Kg1 Rg3 42. Rb2 Rxg2+ 43. Rxg2 Qe1+ 44. Kh2 Qxa5 0-1


[Site "https://www.chess.com"]

[Event "Titled Tuesday Blitz December 27 Early 2022"]
[White "Ronka, Erik"]
[Black "Darini, Pouria"]
[WhiteFideId "505080"]
[BlackFideId "12502200"]
[WhiteElo "2276"]
[BlackElo "2401"]
[Result "0-1"]
[Round "07"]
[TimeControl "180+2"]
[Date "2022.12.27"]
[WhiteClock "0:00:01"]
[BlackClock "0:00:56"]

1. e4 c5 2. Nf3 Nc6 3. d4 cxd4 4. Nxd4 Nf6 5. Nc3 d6 6. Bg5 e6 7. Qd2 a6 8. O-O-O Bd7 9. f4 Be7 10. Nf3 b5 11. Bxf6 gxf6 12. Kb1 h5 13. f5 Qb6 14. g3 O-O-O 15. fxe6 fxe6 16. Bh3 Kb8 17. Ne2 Ne5 18. Nfd4 Nc4 19. Qd3 f5 20. exf5 e5 21. Nb3 Bc6 22. Rhe1 Bf6 23. Nc3 d5 24. Bg2 e4 25. Qe2 Nxb2 26. Nxe4 dxe4 27. Rxd8+ Rxd8 28. Bxe4 Na4 29. Kc1 Nc3 0-1


[Site "https://www.chess.com"]

[Event "Titled Tuesday Blitz December 27 Early 2022"]
[White "Rose, Felix"]
[Black "Dias, Joao Batista"]
[WhiteFideId "5105722"]
[BlackFideId "2108240"]
[WhiteElo "2091"]
[BlackElo "1796"]
[Result "0-1"]
[Round "07"]
[TimeControl "180+2"]
[Date "2022.12.27"]
[WhiteClock "0:00:37"]
[BlackClock "0:02:06"]

1. e4 e5 2. Nf3 Nc6 3. d4 exd4 4. Nxd4 Nxd4 5. Qxd4 Qf6 6. e5 Qc6 7. Nc3 a6 8. Bf4 Ne7 9. O-O-O Ng6 10. Bg3 Bc5 11. Qd3 O-O 12. h4 d6 13. exd6 cxd6 14. Nd5 Re8 15. f4 Ne7 16. Nxe7+ Rxe7 17. Be2 Be6 18. Bf3 Qb6 19. f5 Bxa2 20. f6 Be3+ 21. Rd2 gxf6 22. Be4 Bxd2+ 23. Kxd2 Qb4+ 0-1


[Site "https://www.chess.com"]

[Event "Titled Tuesday Blitz December 27 Early 2022"]
[White "Sadovsky, Artem"]
[Black "Tanenbaum, Zachary"]
[WhiteFideId "4155840"]
[BlackFideId "2060850"]
[WhiteElo "2276"]
[BlackElo "2261"]
[Result "0-1"]
[Round "07"]
[TimeControl "180+2"]
[Date "2022.12.27"]
[WhiteClock "0:00:09"]
[BlackClock "0:00:54"]

1. Nf3 d5 2. e3 Nf6 3. c4 c6 4. b3 Bf5 5. Bb2 e6 6. Be2 Nbd7 7. O-O Bd6 8. d3 Qc7 9. Nbd2 O-O 10. e4 dxe4 11. dxe4 Nxe4 12. Nxe4 Bxe4 13. Qd4 Nf6 14. c5 Be7 15. Qe3 Bxf3 16. Bxf3 Nd5 17. Bxd5 cxd5 18. b4 b6 19. Rac1 bxc5 20. bxc5 Qc6 21. Qg3 f6 22. Rfe1 e5 23. f4 Bxc5+ 24. Kh1 Qb6 25. fxe5 Bf2 26. Qg4 Qxb2 27. exf6 Qxf6 28. Rf1 Rae8 29. Rc2 Bb6 30. Rxf6 Re1+ 0-1


[Site "https://www.chess.com"]

[Event "Titled Tuesday Blitz December 27 Early 2022"]
[White "Sailer, Mike"]
[Black "Tarnowska, Aleksandra"]
[WhiteFideId "2012901"]
[BlackFideId "1180967"]
[WhiteElo "2109"]
[BlackElo "1835"]
[Result "0-1"]
[Round "07"]
[TimeControl "180+2"]
[Date "2022.12.27"]
[WhiteClock "0:01:12"]
[BlackClock "0:01:23"]

1. Nf3 d5 2. c4 c6 3. g3 Bf5 4. Bg2 Nf6 5. b3 e6 6. Bb2 Be7 7. O-O O-O 8. d3 Nbd7 9. Nbd2 h6 10. Re1 Qb6 11. e4 dxe4 12. dxe4 Bh7 13. h3 Rad8 14. e5 Ne8 15. Qe2 Nc5 16. Bd4 Qa5 17. Qe3 Nd3 18. Red1 c5 19. Bxc5 Bxc5 20. Qe2 Nxf2 21. Kh2 Nxd1 22. Rxd1 Qxa2 23. Re1 Bb4 24. Qe3 Bxd2 0-1


[Site "https://www.chess.com"]

[Event "Titled Tuesday Blitz December 27 Early 2022"]
[White "Samsonkin, Artiom"]
[Black "Makarian, Rudik"]
[WhiteFideId "13503111"]
[BlackFideId "44105681"]
[WhiteElo "2420"]
[BlackElo "2545"]
[Result "1-0"]
[Round "07"]
[TimeControl "180+2"]
[Date "2022.12.27"]
[WhiteClock "0:00:33"]
[BlackClock "0:00:07"]

1. e4 c5 2. Nf3 e6 3. Nc3 Nc6 4. Bb5 Nd4 5. Bc4 Nc6 6. O-O a6 7. d4 cxd4 8. Nxd4 Qc7 9. Nxc6 Qxc6 10. Qe2 Be7 11. e5 b5 12. Bd3 Bb7 13. Be4 Qc7 14. Bxb7 Qxb7 15. Qg4 g6 16. Ne4 h5 17. Qf3 Qc6 18. Rd1 Nh6 19. Nf6+ Bxf6 20. Qxf6 Ng8 21. Qxh8 O-O-O 22. Qg7 Ne7 23. Bg5 Nf5 24. Qxf7 Rh8 25. Bf6 Rh6 26. Rd2 g5 27. Rad1 d5 28. exd6 Qd7 29. Qxd7+ Kxd7 30. Be5 Rh8 31. Bxh8 1-0


[Site "https://www.chess.com"]

[Event "Titled Tuesday Blitz December 27 Early 2022"]
[White "Sanchez, Robert"]
[Black "Wickramasinghe, Minethma Lasandi"]
[WhiteFideId "2034360"]
[BlackFideId "9966170"]
[WhiteElo "1966"]
[BlackElo "1483"]
[Result "1-0"]
[Round "07"]
[TimeControl "180+2"]
[Date "2022.12.27"]
[WhiteClock "0:00:57"]
[BlackClock "0:00:36"]

1. e4 c6 2. d4 d5 3. e5 Bf5 4. Nf3 e6 5. Be2 Nd7 6. O-O Ne7 7. c3 Nc8 8. Re1 Be7 9. Nbd2 c5 10. Nf1 O-O 11. Ng3 Bg6 12. Be3 Ncb6 13. b3 cxd4 14. cxd4 Bb4 15. Bd2 Qe7 16. Bg5 f6 17. exf6 gxf6 18. Bd2 Rac8 19. Bxb4 Qxb4 20. Bd3 Rfe8 21. Bxg6 hxg6 22. Qd3 Kg7 23. Nh4 Nf8 24. Nf3 Rc3 25. Qe2 Rec8 26. h4 Rc2 27. Qd1 a5 28. h5 a4 29. hxg6 Kxg6 30. Nh4+ Kf7 31. Qh5+ Ke7 32. Nhf5+ Kd7 33. Qf7+ Kc6 34. Ne7+ Kb5 35. Nxc8 Rxc8 36. bxa4+ Kxa4 37. Qxb7 Qxd4 38. Rab1 Ra8 39. Rxb6 Qd2 40. Qxa8+ 1-0


[Site "https://www.chess.com"]

[Event "Titled Tuesday Blitz December 27 Early 2022"]
[White "Sargsyan, Anna M."]
[Black "McBryde, Lamel"]
[WhiteFideId "13308130"]
[BlackFideId "2058596"]
[WhiteElo "2375"]
[BlackElo "1861"]
[Result "1-0"]
[Round "07"]
[TimeControl "180+2"]
[Date "2022.12.27"]
[WhiteClock "0:00:07"]
[BlackClock "0:00:06"]

1. d4 Nf6 2. c4 g6 3. g3 Bg7 4. Nc3 O-O 5. Bg2 d6 6. Nf3 Nc6 7. O-O a6 8. d5 Na7 9. e4 e5 10. a4 Bd7 11. Be3 Ng4 12. Bg5 f6 13. Bd2 f5 14. h3 Nf6 15. exf5 gxf5 16. Be3 a5 17. Qd2 b6 18. Bh6 Rf7 19. Bxg7 Rxg7 20. Rae1 f4 21. Kh2 Qe8 22. gxf4 Qh5 23. Rh1 Kh8 24. Ne2 Ng4+ 25. Kg1 Nxf2 26. Kxf2 Rag8 27. Reg1 e4 28. Ng5 Qh4+ 29. Kf1 h6 30. Nxe4 Nc8 31. Qc3 Rf8 32. Qf3 Ne7 33. Qf2 Qh5 34. Bf3 Qf5 35. Nd4 Qf7 36. Rxg7 Qxg7 37. Rg1 Qf7 38. Ke2 Qxf4 39. Qe3 Qxe3+ 40. Kxe3 Nf5+ 41. Nxf5 Bxf5 42. Bg4 Bh7 43. Kd4 Rf4 44. Re1 Kg7 45. Be6 Rh4 46. Kd3 Kf8 47. Re3 Ke7 48. Bg4 h5 49. Be2 Kd7 50. Kd4 Rf4 51. Bd3 c6 52. dxc6+ Kxc6 53. Rg3 d5 54. cxd5+ Kd7 55. Rg7+ Ke8 56. Rxh7 h4 57. Rh8+ Kd7 58. Rh6 Kc7 59. Rc6+ Kb7 60. b3 Rf3 61. Rf6 Rxh3 62. Nd6+ Kc7 63. Nb5+ Kd7 64. Bf5+ Ke7 65. Re6+ Kf7 66. Bxh3 1-0


[Site "https://www.chess.com"]

[Event "Titled Tuesday Blitz December 27 Early 2022"]
[White "Serpi, Andrea"]
[Black "Hoffmann, Asa"]
[WhiteFideId "2847499"]
[BlackFideId "2001470"]
[WhiteElo "2191"]
[BlackElo "2185"]
[Result "1-0"]
[Round "07"]
[TimeControl "180+2"]
[Date "2022.12.27"]
[WhiteClock "0:00:14"]
[BlackClock "0:00:12"]

1. e4 d6 2. d4 Nf6 3. Nc3 c6 4. f4 Qa5 5. Bd3 e5 6. Nf3 exd4 7. Nxd4 Qb6 8. Be2 Be7 9. O-O O-O 10. Kh1 Re8 11. e5 Nd5 12. Nxd5 cxd5 13. Bf3 dxe5 14. fxe5 Be6 15. Nxe6 fxe6 16. c3 Nd7 17. Qe2 Rf8 18. Be3 Bc5 19. Bg5 Rf5 20. Qd2 Nxe5 21. Bxd5 Raf8 22. Rxf5 Rxf5 23. Bb3 h6 24. Bh4 Be3 25. Qd8+ Qxd8 26. Bxd8 Kf7 27. Rd1 Rf2 28. h3 Rxb2 29. Re1 Bf4 30. Rf1 g5 31. g3 Ke8 32. gxf4 gxf4 33. Bf6 Nd3 34. Bh4 e5 35. Rd1 e4 36. Bd5 Re2 37. Bxe4 Rxe4 38. Rxd3 Ra4 39. Rd2 Ra3 40. Rc2 Kd7 41. Kg2 Kc6 42. Kf3 Ra4 43. Bf6 Kd5 44. Bd4 b5 45. Kxf4 b4 46. Ke3 a5 47. c4+ Kc6 48. Bb2 Kc5 49. Bc1 b3 50. axb3 Ra1 51. Kd3 a4 52. bxa4 Rxa4 53. Be3+ Kc6 54. c5 Rh4 55. Rh2 h5 56. Ke2 Ra4 57. Kf3 Kd5 58. Rg2 Rc4 59. Rg5+ Kc6 60. Rxh5 Kb5 61. Rg5 Kc6 62. Rg4 Rc2 63. h4 Rh2 64. Kg3 Rh1 65. Kg2 Re1 66. Bf2 Re5 67. Rg5 Re4 68. h5 Re6 69. Rg6 Rxg6+ 70. hxg6 Kd5 71. g7 1-0


[Site "https://www.chess.com"]

[Event "Titled Tuesday Blitz December 27 Early 2022"]
[White "Sharifov, Mekhriddin"]
[Black "Cruz, William Ferreira Da"]
[WhiteFideId "14701545"]
[BlackFideId "2118050"]
[WhiteElo "2209"]
[BlackElo "2216"]
[Result "1-0"]
[Round "07"]
[TimeControl "180+2"]
[Date "2022.12.27"]
[WhiteClock "0:02:46"]
[BlackClock "0:02:48"]

1. e4 e6 2. d4 d5 3. Nc3 Nf6 4. Bg5 dxe4 5. Nxe4 Be7 6. Bxf6 gxf6 7. Nf3 f5 8. Nc3 a6 9. g3 b5 10. Bg2 Bb7 11. O-O Qd6 12. Ne5 Nd7 13. Bxb7 Rb8 14. Bc6 1-0


[Site "https://www.chess.com"]

[Event "Titled Tuesday Blitz December 27 Early 2022"]
[White "Shipov, Sergei"]
[Black "Mendez Fortes, Eduardo Jesus"]
[WhiteFideId "4113624"]
[BlackFideId "3502376"]
[WhiteElo "2541"]
[BlackElo "2250"]
[Result "1-0"]
[Round "07"]
[TimeControl "180+2"]
[Date "2022.12.27"]
[WhiteClock "0:00:46"]
[BlackClock "0:00:01"]

1. d4 Nf6 2. c4 e6 3. Nc3 Bb4 4. Qc2 O-O 5. a3 Bxc3+ 6. Qxc3 d6 7. f3 Nbd7 8. e4 c5 9. Ne2 b6 10. d5 e5 11. g4 a6 12. Ng3 Qc7 13. Rg1 Rb8 14. a4 b5 15. axb5 axb5 16. cxb5 Nb6 17. Bg5 Nfxd5 18. exd5 Nxd5 19. Qd2 Nb4 20. Ne4 f6 21. Be3 Rd8 22. Rd1 Be6 23. h4 Kh8 24. h5 Qe7 25. h6 g6 26. Kf2 Rbc8 27. Be2 Nd5 28. Rc1 Nb6 29. Rgd1 f5 30. Bg5 Qf8 31. Bxd8 Rxd8 32. Nxc5 Bg8 33. Nb7 Rd7 34. Nxd6 Nd5 35. Nc4 Qf6 36. g5 Qe6 37. b3 f4 38. Qb2 Re7 39. Nxe5 Qxe5 40. Qxe5+ Rxe5 41. Rc8 Rxg5 42. Bc4 Re5 43. Bxd5 Rxd5 44. Rxd5 g5 45. Rdd8 g4 46. Rxg8# 1-0


[Site "https://www.chess.com"]

[Event "Titled Tuesday Blitz December 27 Early 2022"]
[White "Shubenkova, Veronika"]
[Black "Lehtosaari, Mauri"]
[WhiteFideId "44124040"]
[BlackFideId "501999"]
[WhiteElo "1960"]
[BlackElo "2176"]
[Result "1-0"]
[Round "07"]
[TimeControl "180+2"]
[Date "2022.12.27"]
[WhiteClock "0:01:47"]
[BlackClock "0:00:15"]

1. e4 c5 2. Nc3 e6 3. g3 Nc6 4. Bg2 d6 5. d3 Nf6 6. Be3 Rb8 7. f4 Be7 8. Nf3 b5 9. h3 b4 10. Ne2 a5 11. O-O a4 12. g4 Ba6 13. g5 Nh5 14. Nd2 g6 15. c4 bxc3 16. Nxc3 a3 17. bxa3 Bxd3 18. Rf2 O-O 19. Nf1 c4 20. a4 f6 21. gxf6 Bxf6 22. e5 dxe5 23. Bxc6 exf4 24. Bd2 Bd4 25. Qe1 Qh4 26. Qxe6+ Rf7 27. Be1 Qxh3 28. Qxh3 1-0


[Site "https://www.chess.com"]

[Event "Titled Tuesday Blitz December 27 Early 2022"]
[White "Skvortsov, Andrei"]
[Black "Cnejev, Vladimir-Alexandru"]
[WhiteFideId "24108600"]
[BlackFideId "1260898"]
[WhiteElo "2313"]
[BlackElo "2374"]
[Result "0-1"]
[Round "07"]
[TimeControl "180+2"]
[Date "2022.12.27"]
[WhiteClock "0:00:59"]
[BlackClock "0:00:07"]

1. d4 d5 2. c4 e6 3. Nc3 Nf6 4. cxd5 exd5 5. Bg5 c6 6. e3 h6 7. Bh4 Be7 8. Nf3 Nbd7 9. Qc2 O-O 10. Bd3 Re8 11. O-O-O a5 12. g4 Nxg4 13. Bxe7 Qxe7 14. Rhg1 Ngf6 15. Nh4 Nf8 16. Bf5 Be6 17. Ne2 Ne4 18. Bxe4 Qxh4 19. Bd3 Qxf2 20. Rg3 Qf6 21. Rdg1 g5 22. h4 g4 23. Nf4 Kh8 24. Nxe6 Nxe6 25. Rxg4 Rg8 26. Qh2 Rxg4 27. Rxg4 Rg8 28. Rxg8+ Kxg8 29. Qg3+ Kh8 30. Qb8+ Kg7 31. Qxb7 Qf2 32. Kd1 Qxe3 33. Qa6 Nxd4 34. a3 Nf3 35. Kc2 Ne1+ 36. Kc3 Qxd3+ 37. Qxd3 Nxd3 38. Kxd3 c5 39. Kc3 Kf6 40. Kb3 d4 41. Kc4 Ke5 42. b3 f5 0-1


[Site "https://www.chess.com"]

[Event "Titled Tuesday Blitz December 27 Early 2022"]
[White "Sovetbekova, Nurai"]
[Black "Antonio, Jorge Carlos"]
[WhiteFideId "13801910"]
[BlackFideId "113190"]
[WhiteElo "1764"]
[BlackElo "2277"]
[Result "1/2-1/2"]
[Round "07"]
[TimeControl "180+2"]
[Date "2022.12.27"]
[WhiteClock "0:00:06"]
[BlackClock "0:00:36"]

1. d4 d5 2. c4 c6 3. Nf3 dxc4 4. g3 b5 5. Bg2 Bb7 6. O-O e6 7. a4 Nf6 8. Ne5 a6 9. b3 cxb3 10. Qxb3 Qxd4 11. Bb2 Qb4 12. Qc2 Qc5 13. Qd3 Be7 14. Rc1 Qd6 15. Qxd6 Bxd6 16. axb5 axb5 17. Rxa8 Bxa8 18. Nxc6 Bxc6 19. Bxc6+ Nxc6 20. Rxc6 Kd7 21. Ra6 Rc8 22. Rb6 b4 23. Nd2 Rc2 24. Bxf6 Rxd2 25. Bxg7 Rxe2 26. Rb7+ Kc6 27. Rxf7 Re1+ 28. Kg2 Be5 29. Bf8 b3 30. Ba3 b2 31. Bxb2 Bxb2 32. Rxh7 Kd6 33. h4 Bd4 34. Rf7 e5 35. h5 Ke6 36. Rf3 Re2 37. h6 e4 38. Rf4 Ke5 39. h7 Kd5 40. Rf8 e3 41. Rd8+ Ke4 42. Rxd4+ Kxd4 43. h8=Q+ Kd3 44. Qd8+ Ke4 45. Qe7+ Kd3 46. Qd6+ Ke4 47. Qe6+ Kd3 48. Qd5+ Kc2 49. Qc4+ Kd2 50. Qxe2+ Kxe2 51. fxe3 Kxe3 52. Kh3 Ke4 53. Kh4 Ke5 54. Kg5 Ke6 55. Kg6 Ke7 56. g4 Kf8 57. Kf6 Kg8 58. Kg6 Kh8 59. Kf7 Kh7 60. g5 Kh8 61. Kf6 Kg8 62. Kg6 Kh8 63. Kh6 Kg8 64. g6 Kh8 65. g7+ Kg8 66. Kg6 1/2-1/2


[Site "https://www.chess.com"]

[Event "Titled Tuesday Blitz December 27 Early 2022"]
[White "Sovetov, Oleksandr"]
[Black "Bortnyk, Olexandr"]
[WhiteFideId "34105786"]
[BlackFideId "14120828"]
[WhiteElo "1976"]
[BlackElo "2605"]
[Result "0-1"]
[Round "07"]
[TimeControl "180+2"]
[Date "2022.12.27"]
[WhiteClock "0:00:03"]
[BlackClock "0:00:21"]

1. Nf3 Nf6 2. c4 g6 3. Nc3 Bg7 4. e4 O-O 5. d4 d6 6. Be2 e5 7. d5 a5 8. Nd2 Na6 9. h4 h5 10. Nf1 Nc5 11. Bg5 c6 12. Qd2 Qb6 13. Ng3 a4 14. Be3 Qa5 15. f3 cxd5 16. Nxd5 Nxd5 17. Qxa5 Rxa5 18. cxd5 f5 19. exf5 Bxf5 20. Nxf5 gxf5 21. Rd1 e4 22. Rd2 exf3 23. Bxf3 Re8 24. Kf2 Ne4+ 25. Bxe4 Rxe4 26. Kf3 Rxe3+ 27. Kxe3 Bh6+ 28. Ke2 Bxd2 29. Kxd2 Rxd5+ 30. Kc3 Kf7 31. Rf1 Ke6 32. Rf4 b5 33. Kb4 Rd2 34. a3 Rxb2+ 35. Ka5 Rb3 36. Rf1 Rxa3 37. Kxb5 Ra2 38. g3 a3 39. Re1+ Kf6 40. Re3 Rb2+ 41. Kc6 a2 42. Ra3 Rd2 43. Ra5 d5 44. Kc5 Ke5 45. Ra4 d4 46. Ra8 Ke4 47. Kc4 Kf3 48. Ra3+ Kg4 49. Kd5 d3 50. Ke5 Rf2 51. Rxd3 a1=Q+ 52. Rd4+ Qxd4+ 53. Kxd4 Kxg3 0-1


[Site "https://www.chess.com"]

[Event "Titled Tuesday Blitz December 27 Early 2022"]
[White "Sreyas Payyappat"]
[Black "Csonka, Balazs"]
[WhiteFideId "46674969"]
[BlackFideId "742910"]
[WhiteElo "2076"]
[BlackElo "2496"]
[Result "0-1"]
[Round "07"]
[TimeControl "180+2"]
[Date "2022.12.27"]
[WhiteClock "0:00:16"]
[BlackClock "0:00:14"]

1. e4 c5 2. Nf3 Nc6 3. d4 cxd4 4. Nxd4 Nf6 5. Nc3 e5 6. Ndb5 d6 7. Bg5 a6 8. Na3 b5 9. Nd5 Be7 10. Bxf6 Bxf6 11. c4 b4 12. Nc2 a5 13. g3 O-O 14. Bg2 Be6 15. O-O Bg5 16. f4 exf4 17. gxf4 Bh6 18. e5 dxe5 19. f5 Bxd5 20. Bxd5 Qf6 21. Qf3 Rac8 22. Ne3 Bxe3+ 23. Qxe3 Nd4 24. Qe4 Kh8 25. Kh1 Qh6 26. Qxe5 Nc2 27. Rac1 Ne3 28. Rg1 Rfe8 29. Qd4 Nxd5 30. Qxd5 Re2 31. Qg2 Rxg2 32. Kxg2 Qg5+ 33. Kh1 Qxf5 34. Rgf1 Qe4+ 35. Kg1 Rxc4 36. Rfe1 Rxc1 37. Rxc1 Qe3+ 38. Kg2 Qxc1 0-1


[Site "https://www.chess.com"]

[Event "Titled Tuesday Blitz December 27 Early 2022"]
[White "Starozhilov, Leonid"]
[Black "Goncalves, Davi Sulzbacher"]
[WhiteFideId "14106752"]
[BlackFideId "2154510"]
[WhiteElo "2313"]
[BlackElo "2282"]
[Result "1-0"]
[Round "07"]
[TimeControl "180+2"]
[Date "2022.12.27"]
[WhiteClock "0:00:08"]
[BlackClock "0:00:04"]

1. e4 c5 2. Nf3 Nc6 3. Bb5 g6 4. O-O Bg7 5. Nc3 e5 6. a3 Nge7 7. b4 cxb4 8. axb4 Nxb4 9. Ba3 Nbc6 10. Bd6 O-O 11. Nd5 Nxd5 12. Bxf8 Qxf8 13. exd5 Ne7 14. Re1 e4 15. Rxe4 Bxa1 16. Qxa1 Nxd5 17. Qe5 Nb6 18. Qf6 d5 19. Re7 Be6 20. Ng5 Qg7 21. Qxg7+ Kxg7 22. Rxb7 Kf6 23. Nxh7+ Ke5 24. Ng5 Nc4 25. Bxc4 dxc4 26. Rb5+ Kd6 27. Ra5 Rb8 28. f4 Rb2 29. Rxa7 Rxc2 30. Kf1 Bf5 31. Nf3 Be4 32. Ne5 f6 33. Ra6+ Ke7 34. Nc6+ Kf7 35. Ra7+ Ke6 36. Nd4+ Kd5 37. Nxc2 Bxc2 38. Kf2 Kd4 39. Rd7+ Kc5 40. Ke3 Kb4 41. Rd6 Kb3 42. Rxf6 1-0


[Site "https://www.chess.com"]

[Event "Titled Tuesday Blitz December 27 Early 2022"]
[White "Stead, Kerry"]
[Black "Viskelis, Darius"]
[WhiteFideId "3202577"]
[BlackFideId "12800830"]
[WhiteElo "1908"]
[BlackElo "2166"]
[Result "0-1"]
[Round "07"]
[TimeControl "180+2"]
[Date "2022.12.27"]
[WhiteClock "0:01:03"]
[BlackClock "0:01:33"]

1. d4 d5 2. c4 e6 3. g3 c5 4. cxd5 cxd4 5. dxe6 Bxe6 6. Bg2 Nc6 7. Nf3 Nf6 8. O-O Bc5 9. Bg5 h6 10. Bxf6 Qxf6 11. Nbd2 Rd8 12. Ne4 Qe7 13. Rc1 Bb6 14. Qa4 O-O 15. Rfd1 Bg4 16. Qc2 d3 17. exd3 Bxf3 18. Bxf3 Nd4 19. Qc4 Nxf3+ 20. Kg2 Ng5 21. Re1 Nxe4 22. Rxe4 Qf6 23. Rc2 Rc8 24. Qxc8 Rxc8 25. Rxc8+ Kh7 26. Rc2 g5 27. h4 Kg6 28. hxg5 hxg5 29. f4 g4 30. b3 Qd6 31. d4 Qd5 32. Re2 f5 0-1


[Site "https://www.chess.com"]

[Event "Titled Tuesday Blitz December 27 Early 2022"]
[White "Suleymanli, Suleyman"]
[Black "Avila Pavas, Santiago"]
[WhiteFideId "13416375"]
[BlackFideId "4437128"]
[WhiteElo "2269"]
[BlackElo "2522"]
[Result "1/2-1/2"]
[Round "07"]
[TimeControl "180+2"]
[Date "2022.12.27"]
[WhiteClock "0:01:20"]
[BlackClock "0:00:26"]

1. Nf3 Nf6 2. g3 g6 3. Bg2 Bg7 4. O-O O-O 5. d4 d6 6. c4 Nbd7 7. Nc3 e5 8. e4 exd4 9. Nxd4 Re8 10. Qc2 Nxe4 11. Nxe4 Bxd4 12. Bg5 f6 13. Bh6 f5 14. Ng5 Nb6 15. Rad1 Bg7 16. Bxg7 Kxg7 17. c5 Qxg5 18. cxb6 cxb6 19. Rxd6 Be6 20. Bxb7 Rad8 21. Rxd8 Qxd8 22. Rd1 Qe7 23. Bf3 f4 24. Qa4 Bh3 25. Qd4+ Qe5 26. Qxe5+ Rxe5 27. gxf4 Rf5 28. Bg2 Bxg2 29. Kxg2 Rxf4 30. Rd7+ Rf7 31. Rxf7+ Kxf7 32. Kf3 Ke6 33. Kf4 h6 34. Ke4 g5 35. h3 h5 36. a4 Kf6 37. b4 a5 38. bxa5 bxa5 39. f3 Ke6 40. f4 g4 41. hxg4 hxg4 42. f5+ Kf6 43. Kf4 g3 44. Kxg3 Kxf5 45. Kf3 Ke5 46. Ke3 Kd5 47. Kd3 Kc5 48. Kc3 Kd5 49. Kd3 Kc5 50. Kc3 Kd5 51. Kd3 1/2-1/2


[Site "https://www.chess.com"]

[Event "Titled Tuesday Blitz December 27 Early 2022"]
[White "Szyszylo, Rafal"]
[Black "Gurevich, Dmitry"]
[WhiteFideId "1109626"]
[BlackFideId "2000407"]
[WhiteElo "2091"]
[BlackElo "2393"]
[Result "0-1"]
[Round "07"]
[TimeControl "180+2"]
[Date "2022.12.27"]
[WhiteClock "0:00:02"]
[BlackClock "0:00:11"]

1. e4 c5 2. Nf3 d6 3. d4 cxd4 4. Nxd4 Nf6 5. Nc3 Nc6 6. Bc4 e6 7. Be3 a6 8. Qe2 Qc7 9. O-O-O Na5 10. Bd3 b5 11. a3 Bb7 12. g4 Rc8 13. g5 Nd7 14. f4 Nc5 15. Kb1 Nxd3 16. cxd3 e5 17. Nf5 g6 18. Nh6 Bxh6 19. gxh6 O-O 20. f5 Nb3 21. Rhg1 Nd4 22. Qf2 Qe7 23. Bg5 f6 24. Be3 Kh8 25. fxg6 hxg6 26. Rxg6 Rg8 27. Rxf6 Rcf8 28. Rxf8 Rxf8 29. Qg2 Rg8 30. Qh3 Bc8 31. Qh5 Be6 32. Nd5 Qf7 33. Qxf7 Bxf7 34. Bxd4 exd4 35. Nc7 Rg2 36. Nxa6 Bb3 37. Rc1 Rxh2 38. Nb4 Rd2 39. Rh1 Kh7 40. Kc1 Re2 41. Rg1 Kxh6 42. Rf1 Kg5 43. Rf5+ Kg4 44. Rxb5 Kf3 45. Rf5+ Ke3 46. Rf1 Rg2 47. Kb1 Ke2 48. Rc1 Kd2 0-1


[Site "https://www.chess.com"]

[Event "Titled Tuesday Blitz December 27 Early 2022"]
[White "Tactrics"]
[Black "Deac, Bogdan-Daniel"]
[BlackFideId "1226380"]
[WhiteElo "2976"]
[BlackElo "2700"]
[Result "0-1"]
[Round "07"]
[TimeControl "180+2"]
[Date "2022.12.27"]
[WhiteClock "0:01:22"]
[BlackClock "0:01:14"]

1. e4 c6 2. Nc3 d5 3. Nf3 Bg4 4. h3 Bxf3 5. Qxf3 e6 6. d3 Bc5 7. Qg3 g6 8. Be3 Bd6 9. Bf4 Bxf4 10. Qxf4 Nf6 11. g3 Nbd7 12. Bg2 O-O 13. O-O Qb6 14. Rab1 Rad8 15. Kh2 dxe4 16. Nxe4 Nxe4 17. Bxe4 e5 18. Qh4 Qd4 19. Qh6 f5 20. Bg2 Nf6 21. Qe3 Rfe8 22. Rfe1 Kf7 23. Re2 a5 24. Rbe1 Qxe3 25. Rxe3 Nd7 26. a3 Re6 27. f4 Rde8 28. fxe5 Nxe5 29. Kh1 Nxd3 30. Rxe6 Nxe1 31. Rxe8 Kxe8 0-1


[Site "https://www.chess.com"]

[Event "Titled Tuesday Blitz December 27 Early 2022"]
[White "Tan, Zhongyi"]
[Black "Moroni, Luca Jr"]
[WhiteFideId "8603642"]
[BlackFideId "865834"]
[WhiteElo "2517"]
[BlackElo "2535"]
[Result "1-0"]
[Round "07"]
[TimeControl "180+2"]
[Date "2022.12.27"]
[WhiteClock "0:00:06"]
[BlackClock "0:00:06"]

1. d4 g6 2. e4 Bg7 3. Nc3 a6 4. f4 d5 5. e5 Bf5 6. Nf3 h5 7. Be3 e6 8. Qd2 Nc6 9. a3 Nge7 10. h3 Qd7 11. Be2 f6 12. O-O-O O-O-O 13. Rhg1 Kb8 14. Kb1 Qc8 15. g4 hxg4 16. hxg4 Be4 17. exf6 Bxf6 18. Ne5 Rh2 19. Qe1 Rdh8 20. Nxe4 dxe4 21. Bc4 Bxe5 22. fxe5 Nd5 23. Bc1 Nce7 24. Qxe4 c5 25. Bg5 cxd4 26. Qxd4 Nc6 27. Qe4 Ka8 28. Bf6 Re8 29. Rh1 Rf2 30. Bxd5 exd5 31. Qxd5 Nb4 32. Qb3 Nc6 33. Rh7 Na5 34. Qc3 Nc4 35. Rhd7 Qc6 36. Rd8+ Rxd8 37. Rxd8+ Ka7 38. Qd4+ Nb6 39. Qxf2 Qh1+ 40. Ka2 Qc6 41. Rd1 Qc4+ 42. Kb1 a5 43. Rd6 1-0


[Site "https://www.chess.com"]

[Event "Titled Tuesday Blitz December 27 Early 2022"]
[White "Tarasova, Viktoriya"]
[Black "Gerbelli Neto, Eduardo"]
[WhiteFideId "4175840"]
[BlackFideId "2103281"]
[WhiteElo "2226"]
[BlackElo "2114"]
[Result "1-0"]
[Round "07"]
[TimeControl "180+2"]
[Date "2022.12.27"]
[WhiteClock "0:00:11"]
[BlackClock "0:00:27"]

1. d4 d5 2. c4 c6 3. Nf3 Nf6 4. Nc3 e6 5. Bg5 dxc4 6. e4 b5 7. e5 h6 8. Bh4 g5 9. Nxg5 Nd5 10. Nf3 Qa5 11. Rc1 Bb4 12. Qc2 Qxa2 13. Be2 Nxc3 14. bxc3 Qxc2 15. Rxc2 Be7 16. Bg3 Nd7 17. O-O Nb6 18. Nd2 Nd5 19. Ne4 f5 20. exf6 Nxf6 21. Nxf6+ Bxf6 22. Bf3 Kd7 23. Re1 Bb7 24. Bg4 Rae8 25. Rce2 Bc8 26. Rxe6 Rxe6 27. Rxe6 Kd8 28. Rxf6 Bxg4 29. Rxc6 Re8 30. h3 Re1+ 31. Kh2 Re6 32. Rc5 Be2 33. Rxb5 a6 34. Ra5 Kd7 35. Be5 Rb6 36. Ra2 Bd3 37. f4 Ke6 38. g4 Be4 39. Kg3 Bb7 40. f5+ Kd5 41. Kf4 Rb3 42. Rc2 a5 43. h4 a4 44. g5 hxg5+ 45. hxg5 a3 46. g6 Rb2 47. g7 Rxc2 48. g8=Q+ Kc6 49. Qe8+ Kb6 50. Qd8+ Ka6 51. Qd6+ Ka7 52. Qxa3+ Kb6 53. Qc5+ Ka6 54. Qxc4+ 1-0


[Site "https://www.chess.com"]